 Dungeon Crawl Stone Soup version 0.31-a0-180-g519b7de00c (webtiles) character file.

Game seed: 13996520983703862247

5757 qw the Skirmisher (level 10, -5/96 HPs)
             Began as a Naga Hunter on June 19, 2023.
             Was a Follower of Okawaru.
             Slain by a yak (6 damage)
             ... on level 1 of the Lair of Beasts.
             The game lasted 00:03:46 (9264 turns).

qw the Skirmisher (Naga Hunter)                     Turns: 9264, Time: 00:03:46

Health: -5/96      AC: 12    Str: 13    XL:     10   Next: 78%
Magic:  8/9        EV: 11    Int:  9    God:    Okawaru [*.....]
Gold:   57         SH:  0    Dex: 20    Spells: 9/9 levels left

rFire   + + .        Y - +4 orcbow
rCold   + . .        (shield currently unavailable)
rNeg    . . .        f - +2 leather armour {rF+}
rPois   +            l - +2 hat
rElec   .            e - +0 cloak
rCorr   .            k - +0 pair of gloves
SInv    +            (no barding)
Will    +....        (no amulet)
Stlth   ++           (no ring)
HPRegen 0.36/turn    r - ring of protection from cold
MPRegen 0.11/turn

%: no passive effects
@: about to teleport, short of breath, very slow
A: AC +3, large, see invisible, deformed body, poison resistance, slowness 2,
spit poison 1, naga tail 1, fire resistance 1, low MP 1, shaggy fur 1,
MP-powered wands
a: Spit Poison, Renounce Religion, Heroism


You were on level 1 of the Lair of Beasts.
You worshipped Okawaru.
Okawaru was aware of your devotion.
You visited 3 branches of the dungeon, and saw 11 of its levels.
You also visited: Ossuary.

You collected 492 gold pieces.
You spent 435 gold pieces at shops.


Innate Abilities, Weirdness & Mutations

Your serpentine skin is tough. (AC +3)
You have supernaturally acute eyesight. (SInv)
Armour fits poorly on your strangely shaped body.
Your system is resistant to poisons. (rPois)
You cover ground very slowly.
You can spit poison.
You have a snake-like lower body.
Your flesh is heat resistant. (rF+)
Your magical capacity is low. (-10% MP)
You are covered in fur. (AC +1)
You expend magic power (3 MP) to strengthen your wands.


   Skills:
 - Level 8.0 Fighting
 - Level 12.2 Ranged Weapons
 + Level 1.7 Armour
 - Level 4.0 Dodging
 - Level 1.5 Stealth
 + Level 1.3 Invocations


You had 9 spell levels left.
You didn't know any spells.
Your spell library was empty.

Inventory:

Hand Weapons
 Y - a +4 orcbow (weapon)
Armour
 e - a +0 cloak (worn)
 f - a +2 leather armour of fire resistance (worn)
 j - the +1 ring mail of the Furies {rC++}
   (You found it on level 6 of the Dungeon)

   rC:        It greatly protects you from cold.
 k - a +0 pair of gloves (worn)
 l - a +2 hat (worn)
Jewellery
 b - a ring of ice
 r - a ring of protection from cold (right hand)
Scrolls
 d - 3 scrolls of identify
Potions
 a - a potion of resistance
 g - a potion of mutation
 h - 6 potions of curing
 i - a potion of cancellation
 n - a potion of enlightenment
 o - 2 potions of haste

Dungeon Overview and Level Annotations

Branches:
Dungeon (9/15)             Temple (1/1) D:7            Lair (1/5) D:8
    Orc (0/2) D:9         Ossuary (visited)

Altars:
Ashenzari
Cheibriados
Dithmenos
Elyvilon
Fedhas
Gozag
Hepliaklqana
Kikubaaqudgha
Makhleb
Nemelex Xobeh
Okawaru
Qazlal
Ru
Sif Muna
Trog
Uskayaw
Vehumet
Wu Jian
Xom
Zin
The Shining One

Shops:
D:5 =   D:7 (   D:8 ?

Annotations:
D:3 1 transporter
Lair:1 Urug


Message History

You shoot an arrow. The arrow hits the yak!!
The yak is severely wounded.
You have got your breath back.
9257 ||| INVOKING Spit Poison.
Aiming: Spit Poison (1% risk of failure)
Press: ? - help, Shift-Dir - straight line, f/p - yak The splash of poison hits the yak.
The yak is severely wounded.
The yak closely misses you.
You shoot an arrow. The arrow hits the yak!
You kill the yak!
Okawaru accepts your kill. Urug hits you with a +3 great mace!!
Your Invocations skill increases to level 1!
You shoot an arrow. The arrow hits Urug but does no damage.
Urug is moderately wounded.
Urug hits you with a +3 great mace!!
You shoot an arrow. The arrow hits Urug!
Urug is heavily wounded.
You have got your breath back.
9261 ||| INVOKING Spit Poison.
Aiming: Spit Poison (1% risk of failure)
Press: ? - help, Shift-Dir - straight line, f/p - Urug The splash of poison hits Urug!
Urug looks even sicker.
Urug is heavily wounded.
The yak gores you! Urug hits you but does no damage. The yak misses you.
You shoot an arrow. The arrow hits Urug!
Urug is severely wounded.
Urug closely misses you. The yak barely misses you. x2
The yak completely misses you.
You shoot an arrow. The arrow hits Urug.
Urug is severely wounded.
Urug hits you with a +3 great mace!! The yak gores you!
The yak barely misses you. The yak gores you but does no damage.
9264 ||| READING scroll of teleportation.
As you read the scroll of teleportation, it crumbles to dust.
You feel strangely unstable.
You feel like a meek peon again. The yak gores you.
You die...

.......
#.....
#....##
#....P#
#.....#
#....#
#YYY.#
#.@o.# ##
##....##..
#[.....?..
##.........
#.........
##......P..
#........(.
##.........
##..../...


You could see Urug (poisoned) and 3 yaks.

Vanquished Creatures
  An ice statue (D:9)
  Maggie (D:7)
  Prince Ribbit (D:4)
  A hornet (D:9)
  3 wyverns
  A vampire (D:9)
  Eustachio (D:5)
  A yak (Lair:1)
  Grum (D:8)
  A steam dragon (D:7)
  An orc warrior (D:9)
  A sky beast (D:8)
  3 water moccasins
  An ice beast (D:5)
  4 ogres
  2 wolves (D:8)
  A centaur (D:8)
  A phantom (D:5)
  A kobold brigand (D:7)
  4 bullfrogs
  A gnoll sergeant (D:8)
  5 scorpions
  4 water moccasin zombies (Ossuary)
  4 killer bees (D:7)
  9 howler monkeys (D:9)
  3 orc priests
  3 hounds
  A gnoll bouda (D:8)
  3 iguanas
  7 orc wizards
  3 sleepcaps (D:6)
  3 mummies
  4 adders
  13 gnolls
  An ufetubus (D:5)
  5 adder zombies (Ossuary)
  5 worms
  22 orcs
  7 endoplasms
  4 giant cockroaches
  5 gnoll zombies (Ossuary)
  14 goblins
  9 hobgoblins
  12 jackals
  6 quokkas
  9 ball pythons
  9 bats
  3 frilled lizards
  6 hobgoblin zombies
  12 kobolds
  4 kobold zombies (Ossuary)
  3 orc zombies
  8 rats
238 creatures vanquished.

Vanquished Creatures (others)
  An orc wizard (D:9)
1 creature vanquished.

Grand Total: 239 creatures vanquished

Notes
Turn   | Place    | Note
-------+----------+-------------------------------------------
     0 | D:1      | qw the Naga Hunter began the quest for the Orb.
     0 | D:1      | Reached XP level 1. HP: 19/19 MP: 1/1
     0 | D:1      | 0 ||| qw: Version: 0.3-a-7-ge0c9b40
     0 | D:1      | 0 ||| qw: Game counter: 900
     0 | D:1      | 0 ||| qw: Always use a shield: true
     0 | D:1      | 0 ||| qw: God list: Okawaru
     0 | D:1      | 0 ||| qw: Allow faded altars: false
     0 | D:1      | 0 ||| qw: Do Orc after D:15 true
     0 | D:1      | 0 ||| qw: Do second Lair branch before Depths: true
     0 | D:1      | 0 ||| qw: Lair rune preference: random
     0 | D:1      | 0 ||| qw: Plans: Normal
     0 | D:1      | 0 ||| PLANNING D:1-11
     7 | D:1      | 7 ||| INVOKING Spit Poison.
    12 | D:1      | 12 ||| INVOKING Spit Poison.
    70 | D:1      | 70 ||| INVOKING Spit Poison.
    91 | D:1      | 91 ||| INVOKING Spit Poison.
   123 | D:1      | Reached skill level 4 in Ranged Weapons
   123 | D:1      | Reached XP level 2. HP: 26/26 MP: 2/2
   146 | D:1      | 146 ||| INVOKING Spit Poison.
   162 | D:1      | 162 ||| INVOKING Spit Poison.
   176 | D:1      | 176 ||| INVOKING Spit Poison.
   180 | D:1      | 180 ||| INVOKING Spit Poison.
   186 | D:1      | 186 ||| INVOKING Spit Poison.
   189 | D:1      | 189 ||| INVOKING Spit Poison.
   195 | D:1      | 195 ||| INVOKING Spit Poison.
   229 | D:1      | 229 ||| INVOKING Spit Poison.
   247 | D:1      | 247 ||| INVOKING Spit Poison.
   251 | D:1      | 251 ||| INVOKING Spit Poison.
   290 | D:1      | 290 ||| INVOKING Spit Poison.
   299 | D:1      | 299 ||| INVOKING Spit Poison.
   306 | D:1      | 306 ||| INVOKING Spit Poison.
   319 | D:1      | 319 ||| INVOKING Spit Poison.
   386 | D:1      | 386 ||| INVOKING Spit Poison.
   461 | D:1      | 461 ||| INVOKING Spit Poison.
   462 | D:1      | Reached XP level 3. HP: 32/32 MP: 3/3
   478 | D:1      | 478 ||| INVOKING Spit Poison.
   484 | D:1      | 484 ||| INVOKING Spit Poison.
   489 | D:1      | 489 ||| INVOKING Spit Poison.
   495 | D:1      | 495 ||| INVOKING Spit Poison.
   561 | D:1      | 561 ||| INVOKING Spit Poison.
   731 | D:1      | 731 ||| INVOKING Spit Poison.
   760 | D:1      | 760 ||| READING scroll labelled FAXOPE MAWKAYL.
   761 | D:1      | 761 ||| READING 2 scrolls labelled HIXAHIGOMA.
   762 | D:1      | 762 ||| READING scroll of enchant weapon.
   762 | D:1      | 762 ||| ENCHANTING +1 shortbow.
   763 | D:1      | 763 ||| READING scroll labelled WUEN ZYFFA.
   766 | D:1      | 766 ||| READING scroll labelled YDIGRINUAKH.
   767 | D:1      | 767 ||| READING scroll labelled ILUIGHA MASHRO.
   768 | D:1      | 768 ||| DROPPING scroll of butterflies.
   795 | D:2      | 795 ||| INVOKING Spit Poison.
   841 | D:2      | 841 ||| INVOKING Spit Poison.
   883 | D:2      | 883 ||| INVOKING Spit Poison.
   905 | D:2      | 905 ||| INVOKING Spit Poison.
   914 | D:2      | 914 ||| INVOKING Spit Poison.
   920 | D:2      | 920 ||| INVOKING Spit Poison.
  1033 | D:2      | 1033 ||| INVOKING Spit Poison.
  1089 | D:2      | 1089 ||| INVOKING Spit Poison.
  1236 | D:2      | 1236 ||| INVOKING Spit Poison.
  1239 | D:2      | 1239 ||| INVOKING Spit Poison.
  1253 | D:2      | 1253 ||| INVOKING Spit Poison.
  1258 | D:2      | Reached skill level 5 in Ranged Weapons
  1306 | D:2      | 1306 ||| INVOKING Spit Poison.
  1307 | D:2      | Reached XP level 4. HP: 39/39 MP: 4/4
  1323 | D:2      | 1323 ||| INVOKING Spit Poison.
  1354 | D:2      | 1354 ||| INVOKING Spit Poison.
  1440 | D:2      | 1440 ||| INVOKING Spit Poison.
  1505 | D:2      | 1505 ||| INVOKING Spit Poison.
  1552 | D:2      | 1552 ||| READING scroll labelled KIC TAAZEREOQU.
  1553 | D:2      | 1553 ||| READING scroll labelled IXYUNU RATRYOR.
  1554 | D:2      | 1554 ||| READING scroll labelled TAENEH YVAM.
  1616 | D:3      | 1616 ||| INVOKING Spit Poison.
  1619 | D:3      | 1619 ||| INVOKING Spit Poison.
  1666 | D:3      | Found a broken altar of Ashenzari.
  1668 | D:3      | 1668 ||| INVOKING Spit Poison.
  1678 | D:3      | 1678 ||| INVOKING Spit Poison.
  1716 | D:3      | 1716 ||| INVOKING Spit Poison.
  1749 | D:3      | Found a blossoming altar of Fedhas.
  1790 | D:3      | 1790 ||| INVOKING Spit Poison.
  1823 | D:3      | 1823 ||| INVOKING Spit Poison.
  2037 | D:3      | Found a sparkling altar of Nemelex Xobeh.
  2037 | D:3      | Found a transporter.
  2037 | D:3      | Noticed a steam dragon
  2080 | D:3      | 2080 ||| INVOKING Spit Poison.
  2122 | D:3      | Found a shimmering blue altar of Sif Muna.
  2214 | D:3      | 2214 ||| INVOKING Spit Poison.
  2229 | D:3      | 2229 ||| INVOKING Spit Poison.
  2231 | D:3      | Reached skill level 3 in Fighting
  2362 | D:3      | 2362 ||| DRINKING 2 purple potions.
  2362 | D:3      | Gained mutation: You are covered in fur. (AC +1) [potion of
                  | mutation]
  2362 | D:3      | Gained mutation: You expend magic power (3 MP) to
                  | strengthen your wands. [potion of mutation]
  2362 | D:3      | Gained mutation: Your magical capacity is low. (-10% MP)
                  | [potion of mutation]
  2362 | D:3      | Gained mutation: Your flesh is heat resistant. (rF+)
                  | [potion of mutation]
  2363 | D:3      | 2363 ||| DRINKING 3 blue potions.
  2364 | D:3      | 2364 ||| READING 2 scrolls of identify.
  2364 | D:3      | 2364 ||| IDENTIFYING fuming cyan potion
  2380 | D:4      | 2380 ||| INVOKING Spit Poison.
  2395 | D:4      | 2395 ||| INVOKING Spit Poison.
  2417 | D:4      | 2417 ||| INVOKING Spit Poison.
  2452 | D:4      | 2452 ||| INVOKING Spit Poison.
  2476 | D:4      | Found a radiant altar of Vehumet.
  2542 | D:4      | 2542 ||| INVOKING Spit Poison.
  2549 | D:4      | 2549 ||| INVOKING Spit Poison.
  2575 | D:4      | 2575 ||| INVOKING Spit Poison.
  2582 | D:4      | Reached XP level 5. HP: 47/49 MP: 4/4
  2600 | D:4      | 2600 ||| INVOKING Spit Poison.
  2609 | D:4      | 2609 ||| INVOKING Spit Poison.
  2615 | D:4      | 2615 ||| INVOKING Spit Poison.
  2667 | D:4      | 2667 ||| SWAPPING to +0 orcbow.
  2668 | D:4      | 2668 ||| INVOKING Spit Poison.
  2674 | D:4      | 2674 ||| INVOKING Spit Poison.
  2798 | D:4      | 2798 ||| DROPPING +2 shortbow.
  2831 | D:4      | 2831 ||| INVOKING Spit Poison.
  2834 | D:4      | 2834 ||| INVOKING Spit Poison.
  2836 | D:4      | Reached skill level 6 in Ranged Weapons
  2838 | D:4      | 2838 ||| INVOKING Spit Poison.
  2870 | D:4      | 2870 ||| INVOKING Spit Poison.
  2895 | D:4      | 2895 ||| INVOKING Spit Poison.
  2948 | D:4      | 2948 ||| INVOKING Spit Poison.
  2982 | D:4      | 2982 ||| INVOKING Spit Poison.
  2998 | D:4      | Found an opulent altar of Gozag.
  3090 | D:4      | 3090 ||| UPGRADING to +0 cloak.
  3095 | D:4      | 3095 ||| READING scroll labelled GYAQEST MUTESA.
  3096 | D:4      | 3096 ||| READING scroll labelled TEKHLI MOUTTOL.
  3118 | D:5      | Entered Level 5 of the Dungeon
  3118 | D:5      | Noticed Prince Ribbit
  3118 | D:5      | Noticed an ogre
  3119 | D:5      | 3119 ||| INVOKING Spit Poison.
  3121 | D:5      | 3121 ||| STAIRDANCE
  3125 | D:4      | 3125 ||| INVOKING Spit Poison.
  3128 | D:4      | Killed Prince Ribbit
  3129 | D:4      | Reached XP level 6. HP: 28/60 MP: 5/5
  3236 | D:5      | 3236 ||| STAIRDANCE
  3238 | D:4      | 3238 ||| INVOKING Spit Poison.
  3242 | D:4      | 3242 ||| INVOKING Spit Poison.
  3244 | D:4      | HP: 1/60 [ogre/+0 giant club (17)]
  3245 | D:4      | 3245 ||| READING 2 scrolls of teleportation.
  3247 | D:4      | Reached XP level 7. HP: 2/66 MP: 6/6
  3492 | D:5      | Noticed Eustachio
  3495 | D:5      | 3495 ||| INVOKING Spit Poison.
  3501 | D:5      | 3501 ||| INVOKING Spit Poison.
  3505 | D:5      | 3505 ||| INVOKING Spit Poison.
  3508 | D:5      | HP: 13/66 [river rat[Eustachio] (4)]
  3509 | D:5      | 3509 ||| READING scroll of teleportation.
  3511 | D:5      | 3511 ||| INVOKING Spit Poison.
  3513 | D:5      | Killed Eustachio
  3515 | D:5      | 3515 ||| INVOKING Spit Poison.
  3516 | D:5      | 3516 ||| FLEEEEING.
  3517 | D:5      | 3517 ||| FLEEEEING.
  3527 | D:5      | 3527 ||| STAIRDANCE
  3701 | D:5      | 3701 ||| INVOKING Spit Poison.
  3703 | D:5      | Reached skill level 7 in Ranged Weapons
  3712 | D:5      | 3712 ||| READING 3 scrolls of enchant weapon.
  3712 | D:5      | 3712 ||| ENCHANTING +0 orcbow.
  3713 | D:5      | 3713 ||| READING 2 scrolls of enchant weapon.
  3713 | D:5      | 3713 ||| ENCHANTING +1 orcbow.
  3714 | D:5      | 3714 ||| READING scroll of enchant weapon.
  3714 | D:5      | 3714 ||| ENCHANTING +2 orcbow.
  3745 | D:5      | 3745 ||| INVOKING Spit Poison.
  3755 | D:5      | 3755 ||| INVOKING Spit Poison.
  3756 | D:5      | 3756 ||| INVOKING Spit Poison.
  3764 | D:5      | 3764 ||| INVOKING Spit Poison.
  3770 | D:5      | 3770 ||| INVOKING Spit Poison.
  3775 | D:5      | Reached XP level 8. HP: 60/73 MP: 7/7
  3776 | D:5      | 3776 ||| INVOKING Spit Poison.
  3779 | D:5      | 3779 ||| INVOKING Spit Poison.
  3784 | D:5      | 3784 ||| INVOKING Spit Poison.
  3891 | D:5      | Found Bisch's Jewellery Boutique.
  3900 | D:5      | 3900 ||| SHOPLISTING +4 ring of slaying (858 gold, have
                  | 282).
  3900 | D:5      | 3900 ||| SHOPLISTING amulet of regeneration (330 gold, have
                  | 282).
  3900 | D:5      | 3900 ||| BUYING ring of ice (275 gold).
  3900 | D:5      | Bought a ring of ice for 275 gold pieces
  3900 | D:5      | 3900 ||| SHOPLISTING ring of resist corrosion (220 gold,
                  | have 7).
  3913 | D:5      | 3913 ||| INVOKING Spit Poison.
  3919 | D:5      | 3919 ||| INVOKING Spit Poison.
  3920 | D:5      | Reached skill level 8 in Ranged Weapons
  3926 | D:5      | 3926 ||| INVOKING Spit Poison.
  4060 | D:5      | 4060 ||| INVOKING Spit Poison.
  4206 | D:5      | 4206 ||| INVOKING Spit Poison.
  4358 | D:5      | 4358 ||| UPGRADING to +2 leather armour of fire resistance.
  4368 | D:5      | 4368 ||| DROPPING +0 leather armour.
  4369 | D:5      | 4369 ||| UPGRADING to ring of ice.
  4370 | D:5      | 4370 ||| READING 4 scrolls of identify.
  4370 | D:5      | 4370 ||| IDENTIFYING smoky inky potion
  4371 | D:5      | 4371 ||| DROPPING potion of invisibility.
  4392 | D:6      | 4392 ||| INVOKING Spit Poison.
  4440 | D:6      | Noticed a wyvern
  4441 | D:6      | 4441 ||| INVOKING Spit Poison.
  4447 | D:6      | Killed a wyvern
  4474 | D:6      | Reached skill level 9 in Ranged Weapons
  4498 | D:6      | 4498 ||| INVOKING Spit Poison.
  4515 | D:6      | 4515 ||| INVOKING Spit Poison.
  4536 | D:6      | 4536 ||| INVOKING Spit Poison.
  4540 | D:6      | Reached skill level 1 in Armour
  4666 | D:6      | 4666 ||| INVOKING Spit Poison.
  4671 | D:6      | 4671 ||| INVOKING Spit Poison.
  4677 | D:6      | 4677 ||| INVOKING Spit Poison.
  4775 | D:6      | 4775 ||| INVOKING Spit Poison.
  4779 | D:6      | 4779 ||| INVOKING Spit Poison.
  4781 | D:6      | Reached skill level 3 in Dodging
  4781 | D:6      | Reached XP level 9. HP: 69/81 MP: 8/8
  4921 | D:6      | Identified the +1 ring mail of the Furies {rC++}
  5208 | D:6      | 5208 ||| UPGRADING to +0 pair of gloves.
  5213 | D:6      | 5213 ||| UPGRADING to +2 hat.
  5218 | D:6      | 5218 ||| READING scroll labelled EBRENW DOCW.
  5219 | D:6      | 5219 ||| READING 3 scrolls of identify.
  5219 | D:6      | 5219 ||| IDENTIFYING gluggy blue potion
  5263 | D:7      | 5263 ||| PLANNING OSSUARY
  5266 | D:7      | 5266 ||| INVOKING Spit Poison.
  5273 | D:7      | 5273 ||| INVOKING Spit Poison.
  5285 | D:7      | Reached skill level 6 in Fighting
  5448 | D:7      | Found a shimmering altar of Xom.
  5484 | D:7      | Found a shadowy altar of Dithmenos.
  5491 | D:7      | 5491 ||| INVOKING Spit Poison.
  5496 | D:7      | 5496 ||| INVOKING Spit Poison.
  5501 | D:7      | 5501 ||| INVOKING Spit Poison.
  5576 | D:7      | Noticed Maggie
  5579 | D:7      | 5579 ||| INVOKING Spit Poison.
  5586 | D:7      | 5586 ||| INVOKING Spit Poison.
  5590 | D:7      | 5590 ||| INVOKING Spit Poison.
  5593 | D:7      | Killed Maggie
  5595 | D:7      | 5595 ||| INVOKING Spit Poison.
  5661 | D:7      | 5661 ||| INVOKING Spit Poison.
  5666 | D:7      | 5666 ||| INVOKING Spit Poison.
  5678 | D:7      | Found a staircase to the Ecumenical Temple.
  5701 | D:7      | 5701 ||| INVOKING Spit Poison.
  5704 | D:7      | Reached skill level 10 in Ranged Weapons
  5726 | D:7      | 5726 ||| READING scroll of enchant weapon.
  5726 | D:7      | 5726 ||| ENCHANTING +3 orcbow.
  5761 | D:7      | 5761 ||| INVOKING Spit Poison.
  5851 | D:7      | Found a sand-covered staircase.
  5858 | Ossuary  | Entered an ossuary
  6063 | Ossuary  | 6063 ||| UPGRADING to ring of protection from cold.
  6064 | Ossuary  | 6064 ||| REMOVING ring of ice.
  6065 | Ossuary  | 6065 ||| READING scroll labelled WOTAIT RARETOA.
  6166 | Ossuary  | 6166 ||| READING scroll labelled JAMEGE RUIPEC.
  6167 | Ossuary  | 6167 ||| DRINKING 2 bubbling ruby potions.
  6168 | Ossuary  | 6168 ||| READING 2 scrolls of identify.
  6168 | Ossuary  | 6168 ||| IDENTIFYING sedimented pink potion
  6175 | D:7      | 6175 ||| PLANNING TEMPLE
  6197 | Temple   | Entered the Ecumenical Temple
  6233 | Temple   | 6233 ||| PLANNING D:1-11
  6250 | D:7      | 6250 ||| Stepping ~*~*~tactically~*~*~ (outnumbered).
  6252 | D:7      | 6252 ||| Stepping ~*~*~tactically~*~*~ (outnumbered).
  6253 | D:7      | 6253 ||| INVOKING Spit Poison.
  6259 | D:7      | 6259 ||| INVOKING Spit Poison.
  6264 | D:7      | 6264 ||| INVOKING Spit Poison.
  6443 | D:7      | Found Ubbunu's Weapon Shop.
  6447 | D:7      | 6447 ||| INVOKING Spit Poison.
  6453 | D:7      | 6453 ||| INVOKING Spit Poison.
  6521 | D:7      | 6521 ||| INVOKING Spit Poison.
  6523 | D:7      | Reached skill level 11 in Ranged Weapons
  6523 | D:7      | Reached XP level 10. HP: 94/94 MP: 9/9
  6606 | D:7      | 6606 ||| READING 4 scrolls of identify.
  6606 | D:7      | 6606 ||| IDENTIFYING lumpy cyan potion
  6607 | D:7      | 6607 ||| READING 3 scrolls of identify.
  6607 | D:7      | 6607 ||| IDENTIFYING glowing coppery potion
  6608 | D:7      | 6608 ||| DROPPING potion of brilliance.
  6609 | D:7      | 6609 ||| DROPPING potion of attraction.
  6674 | D:8      | 6674 ||| DRINKING 8 potions of curing.
  6674 | D:8      | 6674 ||| (to cure confusion)
  6676 | D:8      | 6676 ||| INVOKING Spit Poison.
  6684 | D:8      | 6684 ||| INVOKING Spit Poison.
  6701 | D:8      | Found a hide-covered altar of Uskayaw.
  6751 | D:8      | 6751 ||| INVOKING Spit Poison.
  6757 | D:8      | 6757 ||| INVOKING Spit Poison.
  6762 | D:8      | 6762 ||| INVOKING Spit Poison.
  6765 | D:8      | 6765 ||| INVOKING Spit Poison.
  6768 | D:8      | 6768 ||| INVOKING Spit Poison.
  6776 | D:8      | 6776 ||| INVOKING Spit Poison.
  6777 | D:8      | HP: 23/94 [gnoll/+0 flail[a gnoll sergeant] (7)]
  6778 | D:8      | 6778 ||| READING scroll of teleportation.
  7105 | D:8      | Found a staircase to the Lair.
  7172 | D:8      | Noticed Grum
  7173 | D:8      | 7173 ||| INVOKING Spit Poison.
  7177 | D:8      | 7177 ||| INVOKING Spit Poison.
  7180 | D:8      | Killed Grum
  7182 | D:8      | 7182 ||| INVOKING Spit Poison.
  7188 | D:8      | 7188 ||| INVOKING Spit Poison.
  7286 | D:8      | Found Hohesomu's Magic Scroll Emporium.
  7304 | D:8      | 7304 ||| INVOKING Spit Poison.
  7308 | D:8      | 7308 ||| BUYING 2 scrolls of teleportation (96 gold).
  7308 | D:8      | Bought 2 scrolls of teleportation for 96 gold pieces
  7308 | D:8      | 7308 ||| SHOPLISTING scroll of enchant weapon (120 gold,
                  | have 65).
  7308 | D:8      | 7308 ||| BUYING scroll of identify (32 gold).
  7308 | D:8      | Bought a scroll of identify for 32 gold pieces
  7308 | D:8      | 7308 ||| BUYING scroll of identify (32 gold).
  7308 | D:8      | Bought a scroll of identify for 32 gold pieces
  7405 | D:9      | 7405 ||| INVOKING Spit Poison.
  7409 | D:9      | 7409 ||| STAIRDANCE
  7513 | D:9      | 7513 ||| STAIRDANCE
  7617 | D:9      | 7617 ||| INVOKING Spit Poison.
  7618 | D:9      | 7618 ||| STAIRDANCE
  7728 | D:9      | 7728 ||| STAIRDANCE
  7730 | D:8      | 7730 ||| INVOKING Spit Poison.
  7731 | D:8      | 7731 ||| INVOKING Spit Poison.
  7734 | D:8      | 7734 ||| INVOKING Spit Poison.
  7739 | D:8      | HP: 24/96 [gnoll/+0 flail[a gnoll bouda] (8)]
  7740 | D:8      | 7740 ||| READING 2 scrolls of teleportation.
  7741 | D:8      | 7741 ||| INVOKING Spit Poison.
  7987 | D:9      | 7987 ||| INVOKING Spit Poison.
  7993 | D:9      | 7993 ||| INVOKING Spit Poison.
  8006 | D:9      | 8006 ||| INVOKING Spit Poison.
  8191 | D:9      | Found a glowing silver altar of Zin.
  8191 | D:9      | Noticed an angel
  8218 | D:9      | Found an iron altar of Okawaru.
  8219 | D:9      | 8219 ||| PLANNING OKAWARU WORSHIP
  8226 | D:9      | Became a worshipper of Warmaster Okawaru
  8227 | D:9      | 8227 ||| PLANNING D:1-11
  8229 | D:9      | 8229 ||| INVOKING Spit Poison.
  8252 | D:9      | Found a sacrificial altar of Ru.
  8252 | D:9      | Found an ancient bone altar of Kikubaaqudgha.
  8263 | D:9      | 8263 ||| INVOKING Spit Poison.
  8270 | D:9      | 8270 ||| INVOKING Spit Poison.
  8277 | D:9      | 8277 ||| INVOKING Spit Poison.
  8286 | D:9      | 8286 ||| INVOKING Spit Poison.
  8294 | D:9      | 8294 ||| INVOKING Spit Poison.
  8319 | D:9      | Found a staircase to the Orcish Mines.
  8367 | D:9      | 8367 ||| INVOKING Spit Poison.
  8374 | D:9      | 8374 ||| INVOKING Spit Poison.
  8380 | D:9      | 8380 ||| INVOKING Spit Poison.
  8433 | D:9      | 8433 ||| INVOKING Spit Poison.
  8461 | D:9      | 8461 ||| INVOKING Spit Poison.
  8466 | D:9      | 8466 ||| DRINKING 7 potions of curing.
  8466 | D:9      | 8466 ||| (to cure confusion)
  8470 | D:9      | 8470 ||| INVOKING Spit Poison.
  8477 | D:9      | 8477 ||| INVOKING Spit Poison.
  8693 | D:9      | Noticed an ice statue
  8783 | D:9      | 8783 ||| INVOKING Spit Poison.
  8790 | D:9      | 8790 ||| INVOKING Spit Poison.
  8795 | D:9      | Reached * piety under Okawaru
  8991 | D:9      | 8991 ||| INVOKING Heroism.
  9027 | D:9      | 9027 ||| FLEEEEING.
  9128 | D:9      | Killed an ice statue
  9129 | D:9      | Reached skill level 12 in Ranged Weapons
  9134 | D:9      | 9134 ||| PLANNING LAIR
  9134 | D:9      | 9134 ||| READING 4 scrolls of identify.
  9134 | D:9      | 9134 ||| IDENTIFYING sapphire potion
  9135 | D:9      | 9135 ||| DROPPING potion of lignification.
  9204 | Lair:1   | Entered Level 1 of the Lair of Beasts
  9207 | Lair:1   | 9207 ||| INVOKING Spit Poison.
  9212 | Lair:1   | 9212 ||| INVOKING Spit Poison.
  9249 | Lair:1   | Noticed Urug
  9250 | Lair:1   | 9250 ||| INVOKING Heroism.
  9251 | Lair:1   | 9251 ||| INVOKING Spit Poison.
  9257 | Lair:1   | 9257 ||| INVOKING Spit Poison.
  9259 | Lair:1   | Reached skill level 1 in Invocations
  9261 | Lair:1   | 9261 ||| INVOKING Spit Poison.
  9263 | Lair:1   | HP: 12/96 [Urug/+3 great mace (19)]
  9263 | Lair:1   | HP: 1/96 [yak (11)]
  9264 | Lair:1   | 9264 ||| READING scroll of teleportation.
  9264 | Lair:1   | Slain by a yak

Levels and vault maps discovered:
D:1:      noname_arrival_rooms_in_the_neighbourhood, layout_basic
D:2:      layout_loops_corners
D:3:      layout_loops_corners, mainiacjoe_overflow_tiny_flanked,
          grunt_nemelex_the_gamble, evilmike_ruin_ashenzari,
          mainiacjoe_overflow_cross_hatched
D:4:      minmay_door_path, layout_rooms, vehumet_crystals,
          grunt_gozag_breadcrumbs
D:5:      layout_basic, serial_shops, shop, uniq_eustachio, uniq_prince_ribbit1
D:6:      layout_loops_ring, hellmonk_no_cap
D:7:      layout_gridville, grunt_dithmenos_smoke_and_mirrors,
          mainiacjoe_overflow_alcove_1, minmay_temple_entry_slanted,
          serial_shops, nicolae_shop_crystal, nicolae_ossuary_entry_giza,
          grunt_decor_resistance, grunt_decor_mini_mirrors, uniq_maggie
D:8:      layout_basic, nicolae_uskayaw_suspiria, dpeg_oklobed_lair,
          serial_shops, shop, uniq_grum
D:9:      lemuel_ice_statue, layout_small_grid, zin_angel,
          gammafunk_temple_overflow_elements, okawaru_ov_weapons_minmay,
          orc_0_dummy, enter_bailey_5
Temple:   hellmonk_temple_of_storms
Lair:1:   layout_long_grid, lemuel_fruit_tree, uniq_urug

Skill      XL: |  1  2  3  4  5  6  7  8  9 10 |
---------------+-------------------------------+-----
Ranged Weapons | 4 5 6 7 9 11 12 | 12.2
Fighting       | 3 4 5 7 8 |  8.0
Dodging        | 2 3 4 |  4.0
Armour         | 1 |  1.7
Invocations    | 1 |  1.3
Stealth        | |  1.5

Action                     |  1- 3 |  4- 6 |  7- 9 | 10-12 || total
---------------------------+-------+-------+-------+-------++-------
   Fire: Shortbow          |   100 |    59 |       |       ||   159
         Orcbow            |       |    33 |   274 |   240 ||   547
 Invoke: Heroism           |       |       |       |     2 ||     2
Ability: Spit Poison       |    38 |    37 |    47 |    41 ||   163
    Use: Scroll            |     6 |     7 |    11 |     6 ||    30
         Potion            |       |     2 |     1 |     2 ||     5
 Armour: Leather armour    |    18 |     6 |    72 |    62 ||   158
  Dodge: Dodged            |    27 |    17 |    90 |    90 ||   224

Table legend:
 A = Non-vault XP
 B = Vault XP
 C = Vault XP percentage of total XP
 D = Non-vault monster count
 E = Vault monster count
 F = Vault count percentage of total count
                 A         B        C        D         E       F
            +---------+---------+-------+---------+---------+-------
      Total |    5870 |    2355 |  28.6 |     193 |      46 |  19.2
            +---------+---------+-------+---------+---------+-------
        D:1 |      46 |       0 |   0.0 |      33 |       0 |   0.0
        D:2 |      48 |       0 |   0.0 |      20 |       0 |   0.0
        D:3 |      46 |       0 |   0.0 |      23 |       0 |   0.0
        D:4 |     290 |     277 |  48.9 |      23 |       3 |  11.5
        D:5 |     873 |     208 |  19.2 |      20 |       1 |   4.8
        D:6 |     626 |     112 |  15.2 |      15 |       3 |  16.7
        D:7 |    1295 |     454 |  26.0 |      19 |       4 |  17.4
        D:8 |     610 |     439 |  41.8 |      14 |       3 |  17.6
        D:9 |    1734 |     483 |  21.8 |      24 |       5 |  17.2
     Lair:1 |     302 |       0 |   0.0 |       2 |       0 |   0.0
    Ossuary |       0 |     382 | 100.0 |       0 |      27 | 100.0
            +---------+---------+-------+---------+---------+-------
